 Dungeon Crawl Stone Soup version 0.23-a0-396-g5214e5f (webtiles) character file.

80 CrossKnight the Poker (level 4, 0/34 HPs)
             Began as a Demonspawn Gladiator on Nov 2, 2018.
             Was a Follower of Trog.
             Succumbed to an orc's poison
             ... on level 3 of the Dungeon.
             The game lasted 00:10:38 (1668 turns).

CrossKnight the Poker (Demonspawn Gladiator)        Turns: 1668, Time: 00:10:39

Health: 0/34       AC:  5    Str: 15    XL:     4   Next: 18%
Magic:  1/4        EV: 12    Int: 10    God:    Trog [*.....]
Gold:   109        SH:  0    Dex: 14    Spells: 3/3 levels left

rFire    . . .     SeeInvis .   a - +0 trident
rCold    . . .     Gourm    .   (no shield)
rNeg     . . .     Faith    .   g - +0 ring mail
rPois    .         Spirit   +   (helmet restricted)
rElec    .         Reflect  .   (no cloak)
rCorr    .         Harm     .   (no gloves)
MR       .....                  (no boots)
Stlth    +.........             l - amulet of the acrobat
HPRegen  0.11/turn              (no ring)
MPRegen  0.09/turn              (no ring)

@: lethally poisoned (0 -> -9), starving
A: horns 1, magic shield
a: Berserk, Renounce Religion


You were on level 3 of the Dungeon.
You worshipped Trog.
Trog was aware of your devotion.
You were starving.

You visited 1 branch of the dungeon, and saw 3 of its levels.

You collected 109 gold pieces.

Inventory:

Hand Weapons
 a - a +0 trident (weapon)
Missiles
 d - 3 throwing nets (quivered)
Armour
 b - a +0 leather armour
 c - a +0 helmet
 g - a +0 ring mail (worn)
Jewellery
 l - an amulet of the acrobat (around neck)
Scrolls
 e - 2 scrolls of identify {unknown}
 j - a scroll of magic mapping {unknown}
Potions
 h - a potion of mutation {unknown}
 i - a potion of berserk rage {unknown}
 k - a potion of flight {unknown}
 m - a potion of haste {unknown}
Comestibles
 f - 2 rations


   Skills:
 + Level 2.3 Fighting
 + Level 3.5 Polearms
 + Level 2.1 Throwing
 + Level 1.2 Armour
 + Level 3.2 Dodging


You had 3 spell levels left.
You didn't know any spells.
Your spell library was empty.

Dungeon Overview and Level Annotations

Branches:
Dungeon (3/15)

Altars:
Cheibriados
Elyvilon
Sif Muna
Trog


Innate Abilities, Weirdness & Mutations

You have a pair of small horns on your head.
When hurt, damage is shared between your health and your magic reserves.


Message History

The orc hits you with a +0 flail of venom.
* * * LOW HITPOINT WARNING * * *
You are lethally poisoned!
You hit the orc but do no damage.
* * * LOW HITPOINT WARNING * * *
You feel sick. The orc barely misses you.
You barely miss the orc.
* * * LOW HITPOINT WARNING * * *
You feel sick. The orc barely misses you.
You barely miss the orc.
* * * LOW HITPOINT WARNING * * *
You feel sick.
You hit the orc.
You kill the orc!
Trog accepts your kill.
* * * LOW HITPOINT WARNING * * *
You feel sick.
You completely miss the orc priest.
You headbutt the orc priest, but do no damage.
You die...

######## #... ..#
#.#####. ##.#.##.#
#.# #. #.# ###.###
## #.# #.....# #
... #.....# # #.#
#.....# # #.#
#.....# # #o#
#....<#### #@#
#######... #.#
#.## #.# #.## #.#
#.## #.# #... #.#
#### #.##### ####
#.....#########...
#####...........##


You could see an orc priest.

Vanquished Creatures
  2 adders (D:2)
  An ooze (D:3)
  3 worms
  A dart slug (D:2)
  5 orcs (D:3)
  7 bats
  2 giant cockroaches (D:2)
  5 goblins
  5 hobgoblins
  4 kobolds
  A quokka (D:2)
  3 frilled lizards
  2 rats
41 creatures vanquished.

Notes
Turn   | Place    | Note
-------+----------+-------------------------------------------
     0 | D:1      | CrossKnight the Demonspawn Gladiator began the quest for
                  | the Orb.
     0 | D:1      | Reached XP level 1. HP: 16/16 MP: 1/1
   347 | D:2      | Found a deep blue altar of Sif Muna.
   347 | D:2      | Found a snail-covered altar of Cheibriados.
   368 | D:2      | Gained mutation: You have a pair of small horns on your
                  | head. [demonic ancestry]
   368 | D:2      | Reached XP level 2. HP: 15/22 MP: 2/2
   453 | D:2      | Found a white marble altar of Elyvilon.
   592 | D:2      | Reached XP level 3. HP: 7/27 MP: 3/3
   903 | D:2      | Found a bloodstained altar of Trog.
   914 | D:2      | Became a worshipper of Trog the Wrathful
  1345 | D:3      | Reached skill level 1 in Armour
  1499 | D:3      | Gained mutation: When hurt, damage is shared between your
                  | health and your magic reserves. [demonic ancestry]
  1499 | D:3      | Reached XP level 4. HP: 34/34 MP: 4/4
  1648 | D:3      | Reached * piety under Trog
  1667 | D:3      | HP: 1/34 [poisoned by an orc]
  1668 | D:3      | Succumbed to an orc's poison

Vault maps used:
D:1:      dpeg_arrival_castle
D:2:      lemuel_coloured_pillars_altar, grunt_temple_overflow_open, bloody_trog
D:3:      first_ration

Skill      XL: |  1  2  3 |
---------------+----------+-----
Throwing       | 2 |  2.1
Polearms       | 3 |  3.5
Dodging        | 3 |  3.2
Armour         | 1 |  1.2
Fighting       | |  2.3

Action                   |  1- 3 |  4- 6 || total
-------------------------+-------+-------++-------
Melee: Trident           |    97 |    34 ||   131
       Headbutt          |    16 |     4 ||    20
Armor: Leather armour    |    34 |       ||    34
       Ring mail         |    18 |    10 ||    28
Dodge: Dodged            |   143 |    22 ||   165

Table legend:
 A = Non-vault XP
 B = Vault XP
 C = Vault XP percentage of total XP
 D = Non-vault monster count
 E = Vault monster count
 F = Vault count percentage of total count
                 A         B        C        D         E       F
            +---------+---------+-------+---------+---------+-------
      Total |     115 |       0 |   0.0 |      41 |       0 |   0.0
            +---------+---------+-------+---------+---------+-------
        D:1 |       2 |       0 |   0.0 |       1 |       0 |   0.0
        D:2 |      77 |       0 |   0.0 |      27 |       0 |   0.0
        D:3 |      36 |       0 |   0.0 |      13 |       0 |   0.0
            +---------+---------+-------+---------+---------+-------
